 Dungeon Crawl Stone Soup version 0.20-a0-16-g0876c8e (webtiles) character file.

118 uglyjohn the Skirmisher (level 4, -2/37 HPs)
             Began as a Demonspawn Monk on Nov 3, 2016.
             Slain by a scorpion (5 damage)
             ... on level 2 of the Dungeon.
             The game lasted 00:04:13 (2412 turns).

uglyjohn the Skirmisher (Demonspawn Monk)           Turns: 2412, Time: 00:04:13

Health: -2/37      AC:  3    Str: 12    XL:     4   Next: 72%
Magic:  4/4        EV: 13    Int: 16    God:
Gold:   100        SH:  0    Dex: 16    Spells: 0 memorised, 3 levels left

rFire  . . .     SeeInvis .     a - +0 hand axe
rCold  . . .     Gourm    .     b - +0 robe
rNeg   . . .     Faith    .     (no shield)
rPois  .         Spirit   .     (no helmet)
rElec  .         Reflect  .     (no cloak)
rCorr  .         Harm     .     (no gloves)
MR     .....                    k - +0 pair of boots
Stlth  +++.......               (no amulet)
                                (no ring)
                                (no ring)

@: brilliant, lethally poisoned (-2 -> -9)
A: nightstalker 1
a: no special abilities


You were on level 2 of the Dungeon.
You were not hungry.

You visited 1 branch of the dungeon, and saw 2 of its levels.

You collected 100 gold pieces.

Inventory:

Hand Weapons
 a - a +0 hand axe (weapon)
Armour
 b - a +0 robe (worn)
 e - a +0 chain mail
 k - a +0 pair of boots (worn)
Scrolls
 d - a scroll of identify
 g - a scroll of enchant armour
 m - 2 scrolls of immolation {unknown}
Comestibles
 c - 3 bread rations
 f - 3 fruits
 i - a royal jelly
 l - a meat ration
 o - a chunk of flesh


   Skills:
 + Level 3.9 Fighting
 - Level 2.6 Axes
 - Level 3.2 Armour
 - Level 2.6 Dodging
 - Level 1.7 Stealth


You had 3 spell levels left.
You didn't know any spells.

Dungeon Overview and Level Annotations

Branches:
Dungeon (2/15)

Altars:


Innate Abilities, Weirdness & Mutations

You are slightly more attuned to the shadows.


Message History

You aren't carrying any potions!
You chop the scorpion but do no damage!
The scorpion is lightly wounded! * * * don't die
* * * You feel sick!
The scorpion stings you but does no damage!
You barely miss the scorpion!
The scorpion is lightly wounded! * * * don't die
* * * You feel sick!
The scorpion stings you but does no damage!
You closely miss the scorpion!
The scorpion is lightly wounded! * * * don't die
* * * You feel sick!
The scorpion stings you! * * * don't die
* * * You slice the scorpion but do no damage!
The scorpion is lightly wounded!
The scorpion closely misses you! The scorpion stings you! rip

.......# #..P♣♣♣♣♣P.###
.......# ##.PP...♣♣...#
.......# ##...PP..♣♣..#
....[..###.......P♣.P.###
.........#......P♣P.....###
#.♣...............♣P.##...###
#PP.........)(..#...P####...###
#..........)...###...# ###...#
#.............bs@....# ###.#
#..........##.####...# #.#
...........##.########### #.#
#..............#≈≈≈≈≈≈≈≈# #.#
#..........##>##≈......≈# #.#
#..........##.##≈.♣♣♣♣.≈### #.#
#..........##.##≈.♣ ♣..'.###.#
#..........##.##≈.♣ ♣..'...†.#
#..........##.##≈.♣♣♣♣[≈#####.#


You could see a scorpion and a bat.

Vanquished Creatures
  4 adders (D:2)
  2 oozes
  A worm (D:2)
  3 dart slugs
  A leopard gecko (D:1)
  2 ball pythons (D:1)
  12 giant cockroaches
  4 goblins
  7 hobgoblins
  2 quokkas (D:2)
  5 bats
  7 frilled lizards
  6 kobolds
  10 rats
66 creatures vanquished.

Notes
Turn   | Place    | Note
-------+----------+-------------------------------------------
     0 | D:1      | uglyjohn the Demonspawn Monk began the quest for the Orb.
     0 | D:1      | Reached XP level 1. HP: 18/18 MP: 1/1
   134 | D:1      | Reached skill level 1 in Armour
   270 | D:1      | Gained mutation: You are slightly more attuned to the shadows. [demonic ancestry]
   270 | D:1      | Reached XP level 2. HP: 23/24 MP: 2/2
   863 | D:1      | Reached XP level 3. HP: 26/29 MP: 3/3
   978 | D:2      | HP: 1/29 [goblin/uncursed club (4)]
  1710 | D:2      | Reached XP level 4. HP: 25/35 MP: 4/4
  2412 | D:2      | Slain by a scorpion

Vault maps used:
D:1:      tarquinn_simple_flora_water_f
D:2:      minmay_roachtagon, first_bread, serial_forest,
          infiniplex_forest_lined_4_way, infiniplex_forest_clump_double,
          infiniplex_forest_clump_tiny, infiniplex_forest_clump_tiny,
          infiniplex_forest_straight_2, infiniplex_forest_clump_curved,
          kennysheep_generic_room_6

Skill      XL: |  1  2  3 |
---------------+----------+-----
Armour         | 1 2 3 |  3.2
Fighting       | |  3.9
Axes           | |  2.6
Dodging        | |  2.6
Stealth        | |  1.7

Action                   |  1- 3 |  4- 6 || total
-------------------------+-------+-------++-------
Melee: Hand axe          |   135 |    92 ||   227
  Use: Potion            |     1 |     3 ||     4
       Scroll            |       |     3 ||     3
 Stab: Sleeping          |    11 |     4 ||    15
       Distracted        |     1 |     2 ||     3
  Eat: Chunk             |     2 |     3 ||     5
Armor: Chain mail        |    11 |       ||    11
       Robe              |    12 |    35 ||    47
Dodge: Dodged            |    86 |    70 ||   156
